 Dungeon Crawl Stone Soup version 0.20-a0-754-g13ddd6e (webtiles) character file.

22 Strapping the Sneak (level 2, -4/23 HPs)
             Began as a Demonspawn Wanderer on Feb 25, 2017.
             Slain by a gnoll
             ... wielding a +0 flail
              (5 damage)
             ... on level 2 of the Dungeon.
             The game lasted 00:03:22 (1590 turns).

Strapping the Sneak (Demonspawn Wanderer)           Turns: 1590, Time: 00:03:22

Health: -4/23      AC:  5    Str: 12    XL:     2   Next: 68%
Magic:  5/5        EV:  9    Int: 15    God:
Gold:   44         SH:  0    Dex: 10    Spells: 5/5 levels left

rFire    . . .     SeeInvis .   b - +2 blowgun
rCold    . . .     Gourm    .   o - +0 ring mail
rNeg     . . .     Faith    .   (no shield)
rPois    .         Spirit   .   (no helmet)
rElec    .         Reflect  .   (no cloak)
rCorr    .         Harm     .   (no gloves)
MR       .....                  (no boots)
Stlth    +.........             (no amulet)
Regen    0.1/turn               (no ring)
MPRegen  0.1/turn               (no ring)

@: no status effects
A: powered by pain 1
a: no special abilities


You were on level 2 of the Dungeon.
You were not hungry.

You visited 1 branch of the dungeon, and saw 2 of its levels.

You collected 44 gold pieces.

Inventory:

Hand Weapons
 b - a +2 blowgun (weapon)
 f - a +0 dagger
 i - a +0 whip
 k - a +0 dagger
Armour
 e - a +0 robe
 h - a +0 leather armour
 o - a +0 ring mail (worn)
Scrolls
 d - a scroll of identify
Potions
 m - 2 potions of mutation
Books
 c - Sif Muna's Papyrus of Snow

   Spells                             Type                      Level
   a - Throw Frost                    Conjuration/Ice              2
   b - Ensorcelled Hibernation        Hexes/Ice                    2
Comestibles
 g - a bread ration


   Skills:
 + Level 2.6 Fighting
 - Level 1.0 Throwing
 - Level 2.6 Stealth
 - Level 1.0 Unarmed Combat
 + Level 2.0 Spellcasting
   Level 1.7 Fire Magic


You had 5 spell levels left.
You didn't know any spells.

Dungeon Overview and Level Annotations

Branches:
Dungeon (2/15)

Altars:


Innate Abilities, Weirdness & Mutations

You sometimes gain a little power by taking damage.


Message History

As you read the scroll labeled FUEGALL JARA, it crumbles to dust.
You feel as if something is helping you.
It was a scroll of remove curse.
The bat barely misses you. The gnoll closely misses you.
Wield which item (- for none, * to show all)? (? for menu, Esc to quit)
b - a +2 blowgun (weapon)
The gnoll hits you from afar with a spear!
The bat hits you but does no damage. The gnoll misses you.
The gnoll hits you from afar with a spear.
* * * LOW HITPOINT WARNING * * *
The bat barely misses you. The gnoll barely misses you.
The bat hits you but does no damage. The bat hits you but does no damage.
Firing (i - inventory):
a - a curare-tipped needle (quivered)
Press: ? - help, Shift-Dir - straight line, f - gnoll
Aim: a gnoll, wielding a flail (inner flame)
You shoot a curare-tipped needle.
The curare-tipped needle barely misses the gnoll.
The bat misses you. The gnoll hits you with a flail.
You die...

########
#.g....#
#@.g.(.#
#..b...#
#..g..(#
#......#
#....>[...b...
#####.########
#.. #.## #..


You could see 3 gnolls and a bat (inner flame).

Vanquished Creatures
  A dart slug (D:1)
  5 goblins
  2 hobgoblins
  5 kobolds
  3 bats (D:1)
  2 frilled lizards (D:2)
  A rat (D:1)
19 creatures vanquished.

Notes
Turn   | Place    | Note
-------+----------+-------------------------------------------
     0 | D:1      | Strapping the Demonspawn Wanderer began the quest for the Orb.
     0 | D:1      | Strapping set off with: a curare-tipped needle, a +2 blowgun, Sif Muna's Papyrus of Snow, a potion of curing, a +0 robe, a +0 dagger, a bread ration
     0 | D:1      | Reached XP level 1. HP: 16/16 MP: 2/2
     1 | D:1      | Identified Sif Muna's Papyrus of Snow
   671 | D:1      | Gained mutation: You sometimes gain a little power by taking damage. [demonic ancestry]
   671 | D:1      | Reached XP level 2. HP: 19/23 MP: 4/4
  1586 | D:2      | HP: 1/23 [gnoll/spear (6)]
  1590 | D:2      | Slain by a gnoll

Vault maps used:
D:1:      eino_arrival_cavern_b
D:2:      lemuel_crystal_altar, first_bread, uniq_jessica

Skill      XL: |  1  2 |
---------------+-------+-----
Spellcasting   | 2 |  2.0
Fighting       | |  2.6
Throwing       | |  1.0
Stealth        | |  2.6
Unarmed Combat | |  1.0
Fire Magic     | |  1.7

Action                   || total
-------------------------++-------
Melee: Dagger            ||    67
       Whip              ||    14
 Fire: Blowgun           ||     1
  Use: Potion            ||     1
       Scroll            ||     4
 Stab: Sleeping          ||     3
  Eat: Chunk             ||     2
Armor: Leather armour    ||    17
       Ring mail         ||    17
Dodge: Dodged            ||    46
